Map: Ice and Chrome LE

Players

Probe - Winner!

  • Race: Protoss Protoss
  • League: Master
  • Spawn Location: 7:00

TeebuL

  • Race: Protoss Protoss
  • Spawn Location: 1:00

Event: DreamHack SC2 Masters 2020 Fall

VOD

Have the link to the VOD?

Description

Time

  • Played on: Aug. 26, 2020, 6:19 a.m.
  • Length: 10:06

All games in this series

Show
View Real Time Build Order
Export as new Build Order

Probe Protoss - Winner!

Build Orders: Oracle Opening, Phoenix Opening 

Get SALT Encoding   

  12  0:00  Probe  
  13  0:12  Probe  
  14  0:17  Pylon  
  14  0:24  Probe (Chrono Boost)  
  15  0:37  Probe (Chrono Boost)  
  15  0:39  Gateway  
  16  0:44  Probe (Chrono Boost)  
  16  0:47  Assimilator  
  17  0:51  Probe  
  17  0:54  Assimilator  
  18  1:03  Probe (Chrono Boost)  
  19  1:12  Gateway  
  19  1:13  Probe (Chrono Boost)  
  19  1:18  Probe (Chrono Boost)  
  21  1:26  Cybernetics Core  
  21  1:29  Probe  
  22  1:33  Pylon  
  22  1:41  Probe  
  23  1:53  Probe  
  24  2:02  Warp Gate, Adept x2  
  24  2:05  Probe  
  29  2:12  Pylon  
  29  2:19  Stargate  
  29  2:25  Probe  
  30  2:33  Stalker  
  32  2:40  Probe  
  33  2:53  Probe  
  33  2:55  Pylon  
  34  3:03  Stalker  
  38  3:06  Phoenix (Chrono Boost)  
  38  3:08  Probe  
  40  3:20  Probe  
  41  3:29  Oracle (Chrono Boost)  
  41  3:32  Probe  
  43  3:43  Nexus  
  43  3:59  Oracle, Shield Battery  
  43  4:01  Pylon  
  46  4:05  Probe  
  47  4:11  Twilight Council  
  47  4:19  Probe  
  47  4:24  Forge  
  48  4:31  Probe (Chrono Boost)  
  48  4:37  Blink  
  49  4:41  Probe (Chrono Boost)  
  50  4:46  Probe (Chrono Boost)  
  50  4:52  Assimilator  
  51  4:56  Stalker  
  51  4:57  Probe  
  51  4:58  Probe  
  55  5:09  Probe  
  55  5:10  Probe  
  57  5:20  Stalker  
  55  5:21  Probe  
  55  5:22  Probe  
  57  5:30  Protoss Ground Weapons Level 1 (Chrono Boost)  
  57  5:33  Sentry, Probe  
  57  5:34  Probe  
  61  5:41  Gateway  
  61  5:44  Gateway, Pylon  
  61  5:45  Probe  
  61  5:46  Probe  
  63  5:50  Robotics Facility  
  63  5:55  Stalker  
  65  5:57  Probe  
  65  5:59  Probe  
  61  6:05  Stalker  
  63  6:12  Nexus  
  63  6:14  Pylon  
  63  6:19  Stalker  
  65  6:29  Gateway x2  
  65  6:34  Immortal (Chrono Boost)  
  67  6:42  Stalker  
  67  6:43  Sentry  
  71  6:49  Stalker x2  
  75  6:59  Charge (Chrono Boost)  
  75  7:01  Gateway  
  75  7:07  Gateway  
  75  7:08  Pylon  
  75  7:11  Observer  
  75  7:13  Pylon  
  76  7:21  Pylon  
  76  7:26  Warp Prism  
  76  7:27  Stalker x2  
  80  7:32  Stalker x2  
  86  7:41  Shield Battery  
  86  7:42  Probe x2  
  88  7:49  Photon Cannon  
  88  8:02  Stalker  
  88  8:03  Stalker x3  
  96  8:17  Stalker x3  
  102  8:20  Zealot  
  102  8:21  Pylon  
  102  8:23  Pylon  
  104  8:44  Zealot x8  
  120  8:49  Pylon  
  120  9:06  Zealot x6  
  120  9:18  Observer  
  120  9:23  Zealot x2  
  121  9:30  Zealot x6  
  109  9:44  Stalker x2  
  109  9:45  Probe  
Show
View Real Time Build Order
Export as new Build Order

TeebuL Protoss 

Build Orders:  

Get SALT Encoding   

  12  0:01  Probe  
  13  0:13  Probe  
  14  0:17  Pylon  
  14  0:25  Probe  
  15  0:37  Gateway, Probe (Chrono Boost)  
  16  0:47  Assimilator, Probe (Chrono Boost)  
  17  0:52  Probe (Chrono Boost)  
  17  0:55  Assimilator  
  18  1:04  Probe (Chrono Boost)  
  19  1:07  Gateway  
  19  1:16  Probe (Chrono Boost)  
  20  1:22  Probe (Chrono Boost)  
  20  1:24  Cybernetics Core  
  21  1:30  Probe  
  22  1:42  Pylon  
  22  1:47  Probe  
  23  2:02  Warp Gate, Stalker x2  
  23  2:05  Pylon  
  23  2:07  Probe  
  28  2:24  Probe  
  29  2:32  Adept x2, Pylon  
  32  2:41  Probe  
  33  2:53  Probe  
  34  3:01  Nexus  
  34  3:13  Probe  
  35  3:25  Probe  
  36  3:28  Twilight Council  
  36  3:30  Forge  
  36  3:38  Shield Battery  
  37  3:47  Pylon  
  34  3:56  Stalker  
  34  3:57  Stalker  
  34  4:01  Blink (Chrono Boost), Probe  
  39  4:03  Protoss Ground Weapons Level 1  
  39  4:07  Shield Battery  
  39  4:16  Probe  
  40  4:19  Probe  
  41  4:24  Sentry  
  43  4:34  Probe  
  43  4:36  Stalker  
  43  4:38  Probe  
  47  4:46  Probe  
  47  4:50  Stalker, Probe  
  51  4:58  Probe  
  52  5:00  Stalker  
  52  5:02  Probe  
  55  5:11  Probe  
  55  5:18  Probe  
  55  5:21  Stalker  
  52  5:29  Probe (Chrono Boost)  
  52  5:32  Probe (Chrono Boost)  
  52  5:40  Probe (Chrono Boost)  
  52  5:42  Probe (Chrono Boost)  
  54  5:45  Probe (Chrono Boost)  
  54  5:47  Probe (Chrono Boost)  
  54  5:48  Stalker x2  
  60  5:55  Probe (Chrono Boost)  
  61  5:59  Pylon, Probe (Chrono Boost)  
  59  6:06  Pylon  
  59  6:11  Nexus, Probe (Chrono Boost)  
  61  6:13  Probe (Chrono Boost)  
  61  6:15  Protoss Ground Weapons Level 2 (Chrono Boost)  
  61  6:17  Probe (Chrono Boost)  
  62  6:19  Probe (Chrono Boost)  
  62  6:22  Charge  
  63  6:28  Stalker  
  63  6:32  Stalker  
  67  6:34  Probe (Chrono Boost)  
  67  6:37  Probe (Chrono Boost)  
  69  6:43  Probe  
  69  6:46  Gateway  
  68  6:59  Probe  
  68  7:00  Stalker x2  
  68  7:01  Probe  
  72  7:05  Gateway x2  
  72  7:12  Probe  
  73  7:17  Pylon  
  73  7:18  Probe  
  73  7:19  Assimilator  
  74  7:22  Robotics Facility  
  74  7:24  Probe  
  74  7:25  Probe  
  76  7:30  Probe  
  76  7:36  Pylon, Probe  
  79  7:37  Probe  
  79  7:42  Probe  
  80  7:46  Gateway x2  
  80  7:47  Zealot, Sentry  
  80  7:51  Gateway  
  84  7:55  Zealot  
  86  7:59  Shield Battery  
  86  8:03  Probe x2  
  88  8:07  Zealot x2  
  88  8:11  Immortal (Chrono Boost)  
  90  8:13  Dark Shrine  
  90  8:19  Probe  
  95  8:23  Shield Battery  
  95  8:24  Zealot x2  
  97  8:35  Stalker x3  
  97  8:38  Photon Cannon  
  101  8:48  Stalker x3  
  103  8:52  Pylon  
  103  8:54  Pylon  
  105  8:59  Stalker x2  
  105  9:04  Stalker x2  
  107  9:14  Zealot x2  
  107  9:15  Zealot x2  
  99  9:26  Dark Templar  
  99  9:28  Zealot x3  
  93  9:35  Zealot x4  
  58  9:49  Zealot x3  

Tags
 
Add a new tag
Caveats
  • Supply blocks, unpowered buildings, or Contaminate may cause inaccurate times.
  • Supply counts are checked every 10 seconds.